 Dungeon Sprint DCSS version 0.21-a0-401-g0b6bec4 (webtiles) character file.

150 theanonym the Firebug (level 5, -4/36 HPs)
             Began as a Gargoyle Fire Elementalist on Oct 21, 2017.
             Was a Follower of Vehumet.
             Killed from afar by a rime drake (shapeshifter) (28 damage)
             ... with a flash freeze
             ... in the Dungeon (Sprint V: "Ziggurat Sprint").
             The game lasted 00:02:43 (161 turns).

theanonym the Firebug (Gargoyle Fire Elementalist)   Turns: 161, Time: 00:02:44

Health: -4/36      AC:  6    Str: 12    XL:     5   Next: 32%
Magic:  11/13      EV:  4    Int: 16    God:    Vehumet [*.....]
Gold:   0          SH: 24    Dex: 10    Spells: 12/15 levels left

rFire    . . .     SeeInvis .   O - +6 shillelagh "Devastator" {shatter}
rCold    . . .     Gourm    .   L - +18 shield of the Gong {rElec rN+ MR+ EV-5}
rNeg     + + .     Faith    .   a - +0 robe
rPois    ∞         Spirit   .   (no helmet)
rElec    +         Reflect  .   (no cloak)
rCorr    .         Harm     .   (no gloves)
MR       +....     NoTele   +   (no boots)
Stlth    ++........             (no amulet)
HPRegen  0.12/turn              (no ring)
MPRegen  0.13/turn              (no ring)

@: no status effects
A: negative energy resistance 1, electricity resistance, unbreathing,
petrification resistance, rot immunity, AC +4
a: Renounce Religion


You were in the Dungeon.
You worshipped Vehumet.
Vehumet was aware of your devotion.
You were not hungry.

You visited 1 branch

Inventory:

Hand Weapons
 M - the +6 Majin-Bo {vamp, Archmagi MP+6 Int+6}
   (You found it in the Dungeon)

   It inflicts no extra harm, but heals its wielder when it wounds a living foe.
   It affects your intelligence (+6).
   It affects your magic capacity (+6).
 O - the +6 shillelagh "Devastator" (weapon) {shatter}
   (You found it in the Dungeon)
Armour
 a - a +0 robe (worn)
 L - the +18 shield of the Gong (worn) {rElec rN+ MR+ EV-5}
   (You found it in the Dungeon)

   It affects your evasion (-5).
   It insulates you from electricity.
   It protects you from negative energy.
   It affects your resistance to hostile enchantments.
 N - +5 shadow dragon scales
   (You found it in the Dungeon)
Magical Staves
 B - an uncursed staff of energy
   (You found it in the Dungeon)
 P - an uncursed staff of earth
   (You took it off a crimson imp in the Dungeon)
Jewellery
 D - a +6 ring of dexterity
   (You found it in the Dungeon)
 E - a +6 ring of dexterity
   (You found it in the Dungeon)
 F - a +6 ring of intelligence
   (You found it in the Dungeon)
 G - a +6 ring of intelligence
   (You found it in the Dungeon)
 H - a +6 ring of strength
   (You found it in the Dungeon)
 I - a +6 ring of strength
   (You found it in the Dungeon)
 J - an uncursed ring of flight
   (You found it in the Dungeon)
Wands
 x - a wand of disintegration (7/24)
   (You found it in the Dungeon)
 y - a wand of iceblast (5/15)
   (You found it in the Dungeon)
 z - a wand of lightning (5/15)
   (You found it in the Dungeon)
 A - a wand of acid (5/15)
   (You found it in the Dungeon)
Scrolls
 i - 4 scrolls of blinking
 m - 4 scrolls of amnesia
 p - 3 scrolls of recharging
 q - 7 scrolls of fog {!r}
 r - 5 scrolls of identify
 s - a scroll of holy word
 t - 5 scrolls of remove curse
 u - 2 scrolls of fear {!r}
Potions
 d - 10 potions of curing
 e - 8 potions of heal wounds
 f - 5 potions of haste
 g - 7 potions of magic
 h - 3 potions of berserk rage
 j - 2 potions of brilliance
 k - 2 potions of invisibility
 l - 4 potions of resistance
 n - 5 potions of agility
 o - 5 potions of might
Books
 b - a book of Flames

   Spells                             Type                      Level
   a - Flame Tongue                   Conjuration/Fire             1
   b - Throw Flame                    Conjuration/Fire             2
   c - Conjure Flame                  Conjuration/Fire             3
   d - Inner Flame                    Hexes/Fire                   3
   e - Sticky Flame                   Conjuration/Fire             4
   f - Fireball                       Conjuration/Fire             5
Miscellaneous
 C - a crystal ball of energy
   (You found it in the Dungeon)
 K - a lightning rod (4/4)
   (You found it in the Dungeon)
Comestibles
 c - 5 bread rations
 v - 42 fruits
 w - 4 meat rations


   Skills:
 + Level 6.1 Fighting
 - Level 1.5 Dodging
 - Level 2.1 Stealth
 + Level 5.5 Spellcasting
 + Level 6.2 Conjurations
 + Level 6.4 Fire Magic


You had 12 spell levels left.
You knew the following spells:

 Your Spells              Type           Power        Failure   Level  Hunger
a - Flame Tongue          Conj/Fire      ###..        8%          1    None
b - Throw Flame           Conj/Fire      ###...       11%         2    #......


Dungeon Overview and Level Annotations

Branches:
Dungeon (1/1)

Altars:
Ashenzari
Cheibriados
Dithmenos
Elyvilon
Fedhas
Gozag
Hepliaklqana
Kikubaaqudgha
Makhleb
Nemelex Xobeh
Okawaru
Qazlal
Ru
Sif Muna
Trog
Uskayaw
Vehumet
Wu Jian
Xom
Yredelemnul
Zin
The Shining One
Beogh
Jiyva
Lugonu

Annotations:
D 1 transporter


Innate Abilities, Weirdness & Mutations

You are resistant to torment.
Your stone body is resilient. (AC +4)
You are immune to poison.
You resist negative energy. (rN+)
You are resistant to electric shocks. (rElec)
You can survive without breathing.
You are immune to petrification.
You are immune to rotting.


Message History

Your Fire Magic skill increases to level 5!
You have reached level 3!
Your experience leads to an increase in your attributes!
Increase (S)trength, (I)ntelligence, or (D)exterity?
You feel clever.
You regained 4 hp, and now have 23/24 hp.
You thump the crimson imp!
You kill the crimson imp!
Vehumet accepts your kill.
Your Fighting skill increases to level 5!
Your Conjurations skill increases to level 5!
You have reached level 4!
You feel stronger.
You regained 7 hp, and now have 30/31 hp.
P - an uncursed staff of earth
There are no items here.
Okay, then.
You see here the cursed +0 scimitar of Integrity {flame, rPois}.
There is a transporter here.
You start resting.
Your extra speed is starting to run out.
Health restored: 31 You regained 2 mp, and now have 8/10 mp.
You start resting.
You feel yourself slow down.
MP restored: 10 Welcome to arena 2.
You enter the transporter and appear at another place.
A rime drake, an acid dragon and a centaur come into view.
The rime drake hisses angrily.
The centaur shouts!
The centaur picks up the +11 war axe "Remos" {chop, *Rage Int+3 Dex+2 Stlth+}.
The centaur wields the +11 war axe "Remos" {chop, *Rage Int+3 Dex+2 Stlth+}.
Found two items.
Found a transporter.
Unknown command.
The acid dragon roars!
The acid dragon changes into a steam dragon!
The rime drake breathes ice at you. The flash freeze hits you!
Ouch! That really hurt!
* * * LOW HITPOINT WARNING * * *
You are encased in ice.
You take 18 damage, and have 13/31 hp.
MASSIVE DAMAGE!!
Unknown command.
You feel much better.
Health restored: 31 You sock the centaur!
The centaur, the rime drake and the steam dragon shudder.
You kill the centaur!
Vehumet accepts your kill.
You can now gain magical power from killing.
Vehumet offers you knowledge of Freeze.
Your Fighting skill increases to level 6!
Your Spellcasting skill increases to level 5!
Your Conjurations skill increases to level 6!
Your Fire Magic skill increases to level 6!
You have reached level 5!
You block the rime drake's attack.
BOUMMMMG!
Health restored: 36
Okay, then.
Unknown command.
You hit the rime drake.
The rime drake and the steam dragon shudder.
You block the rime drake's attack.
BONNNG!
You block the steam dragon's attack.
SHROANNG!
You block the steam dragon's attack.
GONNNNG!
The rime drake bites you but does no damage.
You closely miss the rime drake. The ice encasing you melts away.
You block the steam dragon's attack.
PANG!
You block the steam dragon's attack.
PANG!
The rime drake bites you. The steam dragon breathes steam at you.
The ball of steam hits you!
Ouch! That really hurt!
* * * LOW HITPOINT WARNING * * *
You block the rime drake's attack.
SHROANNG!
You take 24 damage, and have 12/36 hp.
MASSIVE DAMAGE!!
Unknown command.
You feel much better.
You are engulfed in a cloud of scalding steam.
You block the rime drake's attack.
BONNNG!
You block the steam dragon's attack.
GONNNNG!
You block the steam dragon's attack.
BOUMMMMG!
You regained 15 hp, and now have 27/36 hp.
You barely miss the rime drake.
You are engulfed in a cloud of scalding steam.
The rime drake breathes ice at you. The flash freeze hits you!
Ouch! That really hurt!
You die...

▓▓▓▓▓▓▓▓▓▓▓▓▓
▓.8©8.▓.8©8.▓
▓.=.[.▓.....▓
▓.....▓.)...▓
▓.....▓.....▓
▓..kD.▓.....▓
▓..@..▓..©..▓
▓.§©..▓▓▓▓▓▓▓
▓▓▓▓▓▓▓


You could see a rime drake and a steam dragon shaped shifter.

Vanquished Creatures
  A centaur (shapeshifter) (D)
  A crimson imp (D)
  A quasit (D)
3 creatures vanquished.

Notes
Turn   | Place    | Note
-------+----------+-------------------------------------------
     0 | D        | Found the +6 Majin-Bo {vamp, Archmagi MP+6 Int+6}
     0 | D        | Found the +7 great mace "Firestarter" {inner flame, rF++}
     0 | D        | theanonym the Gargoyle Fire Elementalist began the quest for the Orb.
     0 | D        | Reached XP level 1. HP: 10/10 MP: 3/3
     0 | D        | Found a deep blue altar of Sif Muna.
     0 | D        | Found a sacrificial altar of Ru.
     0 | D        | Found a bloodstained altar of Trog.
     0 | D        | Found a stormy altar of Qazlal.
     0 | D        | Found an iron altar of Okawaru.
     0 | D        | Found a sparkling altar of Nemelex Xobeh.
     0 | D        | Found a blossoming altar of Fedhas.
     2 | D        | Reached skill level 3 in Fighting
     2 | D        | Reached skill level 3 in Spellcasting
     2 | D        | Reached skill level 4 in Conjurations
     2 | D        | Reached skill level 4 in Fire Magic
     2 | D        | Reached XP level 2. HP: 20/20 MP: 3/6
     6 | D        | Learned a level 2 spell: Throw Flame
     6 | D        | Found a transporter.
     6 | D        | Found an ancient bone altar of Kikubaaqudgha.
     6 | D        | Found a viscous altar of Jiyva.
     6 | D        | Found a corrupted altar of Lugonu.
     6 | D        | Found a hazy altar of Hepliaklqana.
     6 | D        | Found a burning altar of Makhleb.
     6 | D        | Found an opulent altar of Gozag.
    24 | D        | Found the +9 heavy crossbow "Sniper" {velocity, Acc+∞ SInv}
    24 | D        | Found the +10 dark maul {crush}
    24 | D        | Found the +15 Maxwell's patent armour {-Cast -Tele rElec MR+ rCorr}
    24 | D        | Found the +18 shield of the Gong {rElec rN+ MR+ EV-5}
    24 | D        | Found the cursed +14 obsidian axe {chop, +Fly SInv *Curse}
    36 | D        | Became a worshipper of Vehumet
    97 | D        | Found the +6 shillelagh "Devastator" {shatter}
    97 | D        | Found the +11 plutonium sword {*Contam Stlth-}
    97 | D        | Found the +8 lance "Wyrmbane" {slay drac, rPois rF+ rC+ AC+3}
    97 | D        | Found the +9 sword of Zonguldrok {reap}
    97 | D        | Found the cursed +13 scythe of Curses {drain, *Curse}
    97 | D        | Found the +0 sword of Power
    97 | D        | Found the +6 mace of Variability {chaos}
    97 | D        | Found the +7 Singing Sword
    97 | D        | Found the +7 longbow "Piercer" {penet, EV-2}
   103 | D        | Entered arena 2.
   103 | D        | Noticed a crimson imp
   103 | D        | Found a transporter.
   107 | D        | Reached skill level 4 in Fighting
   107 | D        | Reached skill level 4 in Spellcasting
   107 | D        | Reached skill level 5 in Fire Magic
   107 | D        | Reached XP level 3. HP: 23/24 MP: 6/8
   108 | D        | Reached skill level 5 in Fighting
   108 | D        | Reached skill level 5 in Conjurations
   108 | D        | Reached XP level 4. HP: 30/31 MP: 6/10
   154 | D        | Entered arena 3.
   154 | D        | Noticed a rime drake
   154 | D        | Noticed a centaur
   154 | D        | Noticed an acid dragon
   154 | D        | Found a transporter.
   155 | D        | Noticed a steam dragon
   155 | D        | an acid dragon changed into a steam dragon
   157 | D        | Killed a centaur
   157 | D        | Reached * piety under Vehumet
   157 | D        | Offered knowledge of Freeze by Vehumet.
   157 | D        | Reached skill level 6 in Fighting
   157 | D        | Reached skill level 5 in Spellcasting
   157 | D        | Reached skill level 6 in Conjurations
   157 | D        | Reached skill level 6 in Fire Magic
   157 | D        | Reached XP level 5. HP: 36/36 MP: 11/13
   161 | D        | Killed from afar by a rime drake (shapeshifter)

Vault maps used:
D:        sprint_v

Skill      XL: |  1  2  3  4 |
---------------+-------------+-----
Fighting       | 3 4 5 6 |  6.1
Spellcasting   | 3 4 5 |  5.5
Conjurations   | 4 5 6 |  6.2
Fire Magic     | 4 5 6 |  6.4
Dodging        | |  1.5
Stealth        | |  2.1

Action                   |  1- 3 |  4- 6 || total
-------------------------+-------+-------++-------
Melee: Shillelagh        |     4 |     4 ||     8
  Use: Potion            |     2 |     2 ||     4
Armor: Robe              |     3 |     1 ||     4
Block: Shield            |     6 |    10 ||    16

Table legend:
 A = Spawn XP
 B = Non-spawn XP
 C = Spawn XP percentage of total XP
 D = Spawn monster count
 E = Non-spawn monster count
 F = Spawn count percentage of total count
 G = Total turns spent on level
                    A         B        C        D         E        F      G
               +---------+---------+-------+---------+---------+-------+---------
         Total |       0 |     205 |   0.0 |       0 |       3 |   0.0 |   161
               +---------+---------+-------+---------+---------+-------+---------
             D |       0 |     205 |   0.0 |       0 |       3 |   0.0 |   161
               +---------+---------+-------+---------+---------+-------+---------
